 Dungeon Crawl Stone Soup version 0.28-a0-1485-g077359a4bf (webtiles) character file.

Game seed: 18304697533846891514

410 sanka the Conjurer (level 6, -6/44 HPs)
             Began as a Gnoll Conjurer on Jan 11, 2022.
             Mangled by Crazy Yiuf (10 damage)
             ... on level 3 of the Dungeon.
             The game lasted 00:05:33 (3223 turns).

sanka the Conjurer (Gnoll Conjurer)                 Turns: 3223, Time: 00:05:35

Health: -6/44      AC:  3    Str:  6    XL:     6   Next: 89%
Magic:  7/14       EV: 13    Int: 20    God:
Gold:   244        SH:  0    Dex: 10    Spells: 7/15 levels left

rFire   . . .      SeeInvis .   a - +0 dagger (venom)
rCold   + . .      Faith    .   (no shield)
rNeg    . . .      Spirit   .   j - +0 robe
rPois   .          Reflect  .   (no helmet)
rElec   .          Harm     .   (no cloak)
rCorr   .          Rampage  .   (no gloves)
Will    .....      Rage     1%  c - +0 pair of boots
Stlth   +++.......              (no amulet)
HPRegen 0.14/turn               (no ring)
MPRegen 0.14/turn               (no ring)

@: lethally poisoned (-6 -> -15)
A: fangs 1, strong nose, distributed training, berserk 1, cold resistance 1, no
potion heal 1
a: no special abilities


You were on level 3 of the Dungeon.
You visited 1 branch of the dungeon, and saw 3 of its levels.

You collected 244 gold pieces.


Innate Abilities, Weirdness & Mutations

You have very sharp teeth.
Your uncanny sense of smell can sniff out nearby items.
Your experience applies equally to all skills.
You tend to lose your temper in combat.
Your flesh is cold resistant. (rC+)
Potions are less effective at restoring your health.


   Skills:
 + Level 2.1 Fighting
 + Level 2.1 Short Blades
 + Level 2.1 Long Blades
 + Level 2.1 Axes
 + Level 2.1 Maces & Flails
 + Level 2.1 Polearms
 + Level 2.1 Staves
 + Level 2.1 Slings
 + Level 2.1 Bows
 + Level 2.1 Crossbows
 + Level 2.1 Throwing
 + Level 2.1 Armour
 + Level 5.1 Dodging
 + Level 4.7 Stealth
 + Level 2.1 Shields
 + Level 2.1 Unarmed Combat
 + Level 5.4 Spellcasting
 + Level 7.3 Conjurations
 + Level 1.7 Hexes
 + Level 1.7 Summonings
 + Level 1.7 Necromancy
 + Level 1.7 Translocations
 + Level 1.7 Transmutations
 + Level 1.7 Fire Magic
 + Level 1.7 Ice Magic
 + Level 1.7 Air Magic
 + Level 1.7 Earth Magic
 + Level 1.7 Poison Magic
 + Level 2.4 Invocations
 + Level 2.1 Evocations


You had 7 spell levels left.
You knew the following spells:

 Your Spells              Type           Power      Damage    Failure   Level
x - Searing Ray           Conj           68%        2d6       1%          2
z - Magic Dart            Conj           100%       1d8       1%          1
X - Iskenderun's Battles  Conj           34%        2d9       16%         5

Your spell library contained the following spells:

 Spells                   Type           Power      Damage    Failure   Level
 Dazzling Flash           Conj/Hex       46%        N/A       4%          3
 Fulminant Prism          Conj/Hex       11%        3d9       17%         4
 Iskenderun's Mystic Bla  Conj/Tloc      23%        2d6       17%         4
 Fireball                 Conj/Fire      11%        3d7       43%         5
 Conjure Ball Lightning   Conj/Air       11%        3x3d6     95%         6
 Orb of Destruction       Conj           17%        9d8       99%         7

Inventory:

Hand Weapons
 a - a +0 dagger of venom (weapon)
 b - a +0 halberd
 m - a +5 dagger
Armour
 c - a +0 pair of boots (worn)
 j - a +0 robe (worn)
Scrolls
 f - a scroll of blinking {unknown}
 h - a scroll of brand weapon {unknown}
 i - a scroll of enchant armour {unknown}
 k - 2 scrolls of identify {unknown}
Potions
 d - a potion of haste {unknown}
 e - a potion of mutation {!q}
 g - a potion of brilliance {unknown}
 l - a potion of berserk rage {unknown}

Dungeon Overview and Level Annotations

Branches:
Dungeon (3/15)

Altars:
Xom

Annotations:
D:3 Crazy Yiuf

▒.................[.......
▒........>.▒▒..>..........
▒.................▒▒▒▒....
▒.▒▒▒▒▒▒▒▒▒▒▒▒▒▒▒▒▒▒...▒.▒
▒.▒ ▒▒.▒...▒ ▒▒▒ ▒▒....▒▒▒
▒▒▒ ▒▒▒▒....▒▒ ▒ ▒)..▒▒▒
▒▒..+.▒▒▒▒▒▒▒
▒...{g▒▒▒▒.f....▒▒▒...
▒...▒▒..▒.f.........▒▒ ▒▒▒
▒▒▒.▒.f.+....▒▒▒
▒▒▒▒▒▒▒.▒▒..▒▒ ▒)▒▒▒).▒▒
▒▒▒▒▒▒▒▒▒▒▒.▒ ▒▒...
▒...........▒ ▒▒▒.
▒..........<▒ ▒▒
▒▒.........▒▒ ▒


There were no monsters in sight!


Message History

Aim: Crazy Yiuf, wielding a +4 quarterstaff of chaos and wearing a +0 cloak (wandering, hasn't noticed you, 83% to hit)
The searing ray hits Crazy Yiuf!
Crazy Yiuf is heavily wounded.
Crazy Yiuf shouts! (Press . to maintain the ray.) Crazy Yiuf drinks a potion.
Crazy Yiuf flickers and vanishes!
Deactivating autopickup; reactivate with Ctrl-A.
Unknown command.
The searing ray hits something.
Something hits you! Something burns you!
You finish channelling your searing ray.
Something barely misses you.
Aiming: Searing Ray (safe; 1% risk of failure)
The searing ray hits something. (Press . to maintain the ray.)
Something hits you!
* * * LOW HITPOINT WARNING * * *
You are lethally poisoned!
Unknown command.
It was a potion of mutation.
You feel extremely strange.
Your system partially rejects the healing effects of potions.
You feel a little pissed off.
You feel resistant to cold.
* * * LOW HITPOINT WARNING * * *
You feel very sick. Something hits you!
You die...

Action                   |  1- 3 |  4- 6 || total
-------------------------+-------+-------++-------
Melee: Unarmed           |     3 |       ||     3
 Cast: Magic Dart        |    83 |    69 ||   152
       Searing Ray       |       |     8 ||     8
  Use: Potion            |       |     1 ||     1
Armor: Robe              |     1 |     6 ||     7
Dodge: Dodged            |     4 |    20 ||    24

Levels and vault maps discovered:
D:1:      wheals_arrival_linesprint, layout_rooms
D:2:      layout_basic, uniq_sigmund
D:3:      layout_rooms, xom_confusion_cloud, minmay_misc_feat_doors,
          uniq_crazy_yiuf_cottage

Notes
Turn   | Place    | Note
-------+----------+-------------------------------------------
     0 | D:1      | sanka the Gnoll Conjurer began the quest for the Orb.
     0 | D:1      | Reached XP level 1. HP: 13/13 MP: 6/6
   192 | D:1      | Reached XP level 2. HP: 19/19 MP: 2/7
   241 | D:1      | Learned a level 2 spell: Searing Ray
   947 | D:2      | Reached XP level 3. HP: 25/25 MP: 3/9
  1028 | D:2      | Noticed Sigmund
  1031 | D:2      | Reached skill level 5 in Spellcasting
  1392 | D:2      | Reached skill level 1 in Invocations
  1439 | D:2      | Reached skill level 1 in Fighting
  1439 | D:2      | Reached skill level 1 in Short Blades
  1439 | D:2      | Reached skill level 1 in Long Blades
  1439 | D:2      | Reached skill level 1 in Axes
  1439 | D:2      | Reached skill level 1 in Maces & Flails
  1439 | D:2      | Reached skill level 1 in Polearms
  1439 | D:2      | Reached skill level 1 in Staves
  1439 | D:2      | Reached skill level 1 in Slings
  1439 | D:2      | Reached skill level 1 in Bows
  1439 | D:2      | Reached skill level 1 in Crossbows
  1439 | D:2      | Reached skill level 1 in Throwing
  1439 | D:2      | Reached skill level 1 in Armour
  1439 | D:2      | Reached skill level 1 in Shields
  1439 | D:2      | Reached skill level 1 in Unarmed Combat
  1439 | D:2      | Reached skill level 1 in Evocations
  1786 | D:3      | Reached XP level 4. HP: 32/32 MP: 7/11
  1966 | D:3      | Reached skill level 1 in Hexes
  1966 | D:3      | Reached skill level 1 in Summonings
  1966 | D:3      | Reached skill level 1 in Necromancy
  1966 | D:3      | Reached skill level 1 in Translocations
  1966 | D:3      | Reached skill level 1 in Transmutations
  1966 | D:3      | Reached skill level 1 in Fire Magic
  1966 | D:3      | Reached skill level 1 in Ice Magic
  1966 | D:3      | Reached skill level 1 in Air Magic
  1966 | D:3      | Reached skill level 1 in Earth Magic
  1966 | D:3      | Reached skill level 1 in Poison Magic
  2041 | D:3      | Reached XP level 5. HP: 37/37 MP: 9/12
  2082 | D:2      | Killed Sigmund
  2083 | D:2      | Reached skill level 2 in Invocations
  2083 | D:2      | Reached XP level 6. HP: 38/44 MP: 8/14
  2293 | D:3      | Reached skill level 2 in Fighting
  2293 | D:3      | Reached skill level 2 in Short Blades
  2293 | D:3      | Reached skill level 2 in Long Blades
  2293 | D:3      | Reached skill level 2 in Axes
  2293 | D:3      | Reached skill level 2 in Maces & Flails
  2293 | D:3      | Reached skill level 2 in Polearms
  2293 | D:3      | Reached skill level 2 in Staves
  2293 | D:3      | Reached skill level 2 in Slings
  2293 | D:3      | Reached skill level 2 in Bows
  2293 | D:3      | Reached skill level 2 in Crossbows
  2293 | D:3      | Reached skill level 2 in Throwing
  2293 | D:3      | Reached skill level 2 in Armour
  2293 | D:3      | Reached skill level 5 in Dodging
  2293 | D:3      | Reached skill level 2 in Shields
  2293 | D:3      | Reached skill level 2 in Unarmed Combat
  2293 | D:3      | Reached skill level 2 in Evocations
  2667 | D:3      | Found a shimmering altar of Xom.
  2748 | D:3      | Learned a level 5 spell: Iskenderun's Battlesphere
  3111 | D:3      | Found a runed translucent door.
  3112 | D:3      | Noticed Crazy Yiuf
  3223 | D:3      | Gained mutation: Potions are less effective at restoring
                  | your health. [potion of mutation]
  3223 | D:3      | Gained mutation: You tend to lose your temper in combat.
                  | [potion of mutation]
  3223 | D:3      | Gained mutation: Your flesh is cold resistant. (rC+)
                  | [potion of mutation]
  3223 | D:3      | HP: 4/44 [poisoned by Crazy Yiuf]
  3223 | D:3      | Mangled by Crazy Yiuf

Vanquished Creatures
  Sigmund (D:2)
  An orc priest (D:3)
  3 orc wizards
  3 gnolls (D:3)
  6 adders
  10 orcs (D:3)
  7 endoplasms
  4 giant cockroaches
  6 hobgoblins
  2 jackals (D:1)
  5 quokkas
  2 ball pythons
  5 bats
  9 frilled lizards
  3 goblins
  4 kobolds
  8 rats
79 creatures vanquished.

Vanquished Creatures (others)
  A fungus (D:3)
1 creature vanquished.

Grand Total: 80 creatures vanquished
